cohdb
Replays
Latest Replays
All Replays
Popular Replays
Top Player Replays
Match Explorer
How It Works
Community
CoH3 Stats
Reddit
Sign in to upload your games and track your stats! →
Sign in with Steam
Match 41685129
Unlisted
Match 41685129
Overview
Messages
Build Orders
End
Kettenkrad Recon Vehicle
Construct Infanterie Kompanie
Selects Terror Battlegroup
Selects Machine Gun Camouflage
MG 42 Machine Gun Team
MG 42 Machine Gun Team
Grenadier Squad
Infanterie Officer Quarters
Grenadier Squad
MG 42 Machine Gun Team
Grenadier Squad
Medical Station
Selects No Quarter
Construct Panzergrenadier Kompanie
Panzergrenadier Squad
Support Elements
Pak 40 Anti-tank Gun Team
Nebelwerfer 42 Rocket Launcher Team
Nebelwerfer 42 Rocket Launcher Team
Panzergrenadier Officer Quarters
Construct Panzer Kompanie
Selects King Tiger Heavy Tank
King Tiger Heavy Tank
Pioneer Squad
Pioneer Squad
Imperiale
SchnellSchuh5000
PIGEONS ARE FBI DRONES
bobr
xancex
Luckyluke2020
0
0
Comments
sign in to comment!
No comments posted yet!